cohdb
Replays
Latest Replays
All Replays
Popular Replays
Top Player Replays
Match Explorer
How It Works
Community
CoH3 Stats
Reddit
Sign in to upload your games and track your stats! →
Sign in with Steam
delete aere perennius plz
Match 12027555
Overview
Messages
Build Orders
End
Selects Armored Battlegroup
Construct Barracks
1⁄4-ton 4x4 Truck
Selects Veteran Crews
Riflemen Squad
Riflemen Squad
Riflemen Squad
Riflemen Squad
Air Support Center
Selects Strength in Steel
Construct Medical Station
Grasshopper High-Altitude Recon Run
Construct Motor Pool
M8 Greyhound Armored Car
P-47 Strafing Run
M1918 Browning Automatic Rifles
Grasshopper High-Altitude Recon Run
Selects M8 Scott SPG
Engineer Squad
P-47 Strafing Run
M8 Scott SPG
M1 Anti-tank Gun Team
P-47 Strafing Run
Riflemen Squad
P-47 Strafing Run
M1 Anti-tank Gun Team
S K E N G
¡¡¡¡¡¡ZÚLUUUUU!!!!!!!
F3riG
*Mule
0
0
Comments
sign in to comment!
No comments posted yet!